 Dungeon Sprint DCSS version 0.27.1 (webtiles) character file.

Game seed: 11201489881753648394

5748 styxcanada the Imperceptible (level 10, -8/51 HPs)
             Began as a Spriggan Brigand on Sept 3, 2021.
             Was an Initiate of Gozag.
             Mangled by Agnes (16 damage)
             ... in the Dungeon (Sprint IV: "Fedhas' Mad Dash").
             The game lasted 00:11:32 (2565 turns).

styxcanada the Imperceptible (Spriggan Brigand)     Turns: 2565, Time: 00:11:32

Health: -8/51      AC:  9    Str:  7    XL:     10   Next: 49%
Magic:  10/11      EV: 21    Int: 12    God:    Gozag
Gold:   1219       SH:  7    Dex: 21    Spells: 9/9 levels left

rFire    + + .     SeeInvis +   a - +2 dagger
rCold    x . .     Faith    .   n - +0 buckler
rNeg     + + +     Spirit   .   o - +4 troll leather armour of Heerum {+Inv rF++ rC- rN+++ Regen+}
rPois    .         Reflect  .   (helmet restricted)
rElec    .         Harm     .   c - +0 cloak
rCorr    .         Rampage  .   (gloves unavailable)
Will     +....     NoTele   +   (boots unavailable)
Stlth    +++++++++.             m - amulet of invisibility {+Inv}
HPRegen  1.17/turn              (no ring)
MPRegen  0.12/turn              (no ring)

@: very slightly contaminated, studying Axes, invisible, very quick
A: very small, no large weapons, unfitting armour, see invisible, speed 3
a: Renounce Religion, Evoke Invisibility, Potion Petition, Call Merchant, Bribe
Branch


You were in the Dungeon.
You worshipped Gozag.
Gozag was most pleased with you.
You visited 1 branch You collected 2122 gold pieces.
You spent 903 gold pieces at shops.

Inventory:

Hand Weapons
 a - a +2 dagger (weapon)
Missiles
 d - 7 poisoned darts
 e - 2 curare-tipped darts
 l - 22 sling bullets
 q - 48 stones (quivered)
Armour
 c - a +0 cloak (worn)
 n - a +0 buckler (worn)
 o - the +4 troll leather armour of Heerum (worn) {+Inv rF++ rC- rN+++ Regen+}
   (You bought it in a shop in the Dungeon)

   rF:        It greatly protects you from fire.
   rC:        It makes you vulnerable to cold.
   rN:        It renders you almost immune to negative energy.
   +Inv:      It lets you turn invisible.
   Regen:     It increases your rate of health regeneration.
 r - a +2 robe of resistance
Jewellery
 b - an amulet of the acrobat
 m - the amulet of invisibility (around neck) {+Inv}
   (You found it in the Dungeon)

   [amulet of nothing]

   +Inv:      It lets you turn invisible.
Wands
 t - a wand of flame (16)
Scrolls
 g - a scroll of enchant weapon {unknown}
 j - 2 scrolls of amnesia
 k - a scroll of blinking
 p - 4 scrolls of identify
Potions
 f - a potion of curing
 h - a potion of haste
 i - 2 potions of magic
 s - a potion of cancellation {unknown}


   Skills:
 * Level 5.5 Fighting
 + Level 8.2 Short Blades
 + Level 6.4 Throwing
 * Level 0.9 Armour
 * Level 7.0 Dodging
 * Level 25.4 Stealth
 * Level 1.9 Shields
 * Level 13.6 Evocations


You had 9 spell levels left.
You didn't know any spells.
Your spell library contained the following spells:

 Spells                   Type           Power      Damage    Failure   Level
 Slow                     Hex            0%         N/A       71%         2
 Confusing Touch          Hex            0%         N/A       91%         3
 Yara's Violent Unravell  Hex/Tmut       0%         3d3       100%        5


Dungeon Overview and Level Annotations

Branches:
Dungeon (1/1)

Altars:
Cheibriados
Dithmenos
Elyvilon
Gozag
Hepliaklqana
Kikubaaqudgha
Makhleb
Nemelex Xobeh
Okawaru
Qazlal
Ru
Sif Muna
Trog
Uskayaw
Vehumet
Wu Jian
Xom
Yredelemnul
Zin
The Shining One
Beogh
Jiyva
Lugonu

Shops:
D *[(???**

Annotations:
D Agnes


Innate Abilities, Weirdness & Mutations

You are very small and have problems with some larger weapons.
You are too small for most types of armour.
You have supernaturally acute eyesight. (SInv)
You cover ground extremely quickly. (Speed+++)


Message History

There is an open door here.
There is an open door here.
You see here a +0 short sword.
You fade into invisibility!
You are very lightly contaminated with residual magic.
There is an open door here.
There is an open door here.
A spriggan berserker comes into view. It is wielding a +0 war axe.
Found Bimem's Weapon Emporium.
Found Isan's Magic Scroll Shoppe.
Agnes shouts!
Agnes closely misses you.
You barely miss Agnes. Agnes completely misses you.
Unknown command.
You completely miss Agnes.
Agnes mutters, "I could really go for a good breadfruit right now."
Agnes hits you with a +2 spectral lajatang!
Agnes says, "The ORB is mine by right."
The helpless spriggan berserker fails to defend itself.
You spit the spriggan berserker like a pig!!!!!
You kill the spriggan berserker!
Agnes hits you with a +2 spectral lajatang.
You block Agnes's attack.
Your Dodging skill increases to level 7!
There is an open door here.
Things that are here:
a curare-tipped dart; a +1 leather armour of willpower
e - 2 curare-tipped darts (gained 1) Agnes mutters, "I never trained for this."
Agnes closely misses you. Agnes misses you.
Throw: 49 stones
Press: ? - help, Q - select action, (/) - cycle Shift-Dir - straight line, f - Agnes
Aim: Agnes, wielding a +2 spectral lajatang and wearing a +0 robe (38% to hit)
You throw a stone. The stone misses Agnes.
Agnes hits you with a +2 spectral lajatang!!
Ouch! That really hurt!
* * * LOW HITPOINT WARNING * * *
Agnes hits you with a +2 spectral lajatang!
You die...
Your body crumbles into a pile of gold.

#################################
.#.⌠._._._._.⌠.#..'.))#....##∩##.
.'.._._._._._..'..#[..#!...'.)##'
.#..._._._._...#..###'##...##∩#..
##.._._._._._..#..##∩∩.'...#####.
.#._._._._._.⌠.#################.
.###################....).###....
##♣♣♣♣♣..♣.###.)@['.......'.'...♣
'......♣..♣##..#.i#.......#######
#♣..♣♣♣.♣).###.##'##.P....#
#.♣♣..♣...♣'...#♣.♣########
################.....####
###..♣..♣....# ####.$.♣......♣..
.........♣(....∩.∩
..################


You could see Agnes.

Vanquished Creatures
  A spriggan berserker (D)
  A spriggan druid (D)
  6 oklob plants (D)
  3 burning bushes (D)
  3 wandering mushrooms (D)
  A hornet (D)
  A queen bee (D)
  3 scorpions (D)
  4 killer bees (D)
  5 oklob saplings (D)
  5 spriggans (D)
  A river rat (D)
  A rat (D)
  A ballistomycete spore (D)
36 creatures vanquished.

Vanquished Creatures (others)
  8 fungi (D)
8 creatures vanquished.

Grand Total: 44 creatures vanquished

Notes
Turn   | Place    | Note
-------+----------+-------------------------------------------
     0 | D        | styxcanada the Spriggan Brigand began the quest for the
                  | Orb.
     0 | D        | Reached XP level 1. HP: 10/10 MP: 2/2
     9 | D        | Reached skill level 8 in Stealth
     9 | D        | Reached XP level 2. HP: 15/15 MP: 3/3
    50 | D        | Noticed an oklob sapling
    54 | D        | Killed an oklob sapling
    55 | D        | Reached skill level 10 in Stealth
    55 | D        | Reached XP level 3. HP: 4/18 MP: 4/4
   400 | D        | Noticed a scorpion
   400 | D        | Found the amulet of invisibility {+Inv}
   412 | D        | Killed a scorpion
   413 | D        | Reached skill level 12 in Stealth
   413 | D        | Reached XP level 4. HP: 22/23 MP: 5/5
   540 | D        | Found an opulent altar of Gozag.
   540 | D        | Found a hazy altar of Hepliaklqana.
   540 | D        | Found a burning altar of Makhleb.
   540 | D        | Found a sparkling altar of Nemelex Xobeh.
   540 | D        | Found a snail-covered altar of Cheibriados.
   540 | D        | Found a sacrificial altar of Ru.
   540 | D        | Found a shimmering blue altar of Sif Muna.
   540 | D        | Found a shimmering altar of Xom.
   540 | D        | Found a basalt altar of Yredelemnul.
   541 | D        | Found a viscous altar of Jiyva.
   541 | D        | Found a bloodstained altar of Trog.
   541 | D        | Found an ornate altar of the Wu Jian Council.
   542 | D        | Found an iron altar of Okawaru.
   542 | D        | Found a shadowy altar of Dithmenos.
   542 | D        | Found a glowing silver altar of Zin.
   543 | D        | Found an ancient bone altar of Kikubaaqudgha.
   543 | D        | Found a hide-covered altar of Uskayaw.
   544 | D        | Found a stormy altar of Qazlal.
   544 | D        | Found a white marble altar of Elyvilon.
   544 | D        | Found a glowing golden altar of the Shining One.
   545 | D        | Became a worshipper of Gozag Ym Sagoz the Greedy
   546 | D        | Found a corrupted altar of Lugonu.
   546 | D        | Found a radiant altar of Vehumet.
   556 | D        | HP: 1/23 [acid (9)]
   561 | D        | Reached skill level 13 in Stealth
   561 | D        | Reached skill level 1 in Evocations
   561 | D        | Reached XP level 5. HP: 2/28 MP: 4/6
   853 | D        | Reached skill level 14 in Stealth
   860 | D        | Reached skill level 15 in Stealth
   862 | D        | Reached XP level 6. HP: 32/32 MP: 5/7
   896 | D        | Found Deomop's Armour Shop.
   896 | D        | Found Esam's Assorted Antiques.
  1005 | D        | Noticed a burning bush
  1005 | D        | Noticed a wandering mushroom
  1006 | D        | Noticed a wandering mushroom
  1009 | D        | Killed a burning bush
  1010 | D        | Reached skill level 17 in Stealth
  1010 | D        | Killed a wandering mushroom
  1011 | D        | Reached skill level 5 in Short Blades
  1011 | D        | Reached skill level 5 in Throwing
  1011 | D        | Reached skill level 18 in Stealth
  1011 | D        | Reached skill level 5 in Evocations
  1011 | D        | Reached XP level 7. HP: 37/37 MP: 5/8
  1011 | D        | Killed a wandering mushroom
  1012 | D        | Reached skill level 19 in Stealth
  1031 | D        | Bought a +2 robe of resistance for 377 gold pieces
  1052 | D        | Found Abram's Magic Scroll Emporium.
  1052 | D        | Found Uzux Tuo's Magic Scroll Shoppe.
  1057 | D        | Bought a scroll of identify for 26 gold pieces
  1057 | D        | Bought a scroll of identify for 26 gold pieces
  1100 | D        | Reached XP level 8. HP: 42/42 MP: 6/9
  1106 | D        | Noticed a queen bee
  1113 | D        | Killed a queen bee
  1114 | D        | Reached skill level 5 in Dodging
  1114 | D        | Reached skill level 20 in Stealth
  1171 | D        | Noticed an oklob plant
  1173 | D        | Killed an oklob plant
  1174 | D        | Reached skill level 21 in Stealth
  1236 | D        | Noticed a burning bush
  1376 | D        | Noticed a burning bush
  1376 | D        | Noticed an oklob plant
  1377 | D        | Noticed a wandering mushroom
  1378 | D        | Killed a burning bush
  1379 | D        | Reached skill level 22 in Stealth
  1379 | D        | Reached XP level 9. HP: 46/46 MP: 7/10
  1383 | D        | Killed an oklob plant
  1384 | D        | Reached skill level 5 in Fighting
  1384 | D        | Reached skill level 10 in Evocations
  1387 | D        | Killed a wandering mushroom
  1388 | D        | Reached skill level 23 in Stealth
  1451 | D        | Noticed a spriggan druid
  1453 | D        | Killed a spriggan druid
  1619 | D        | Noticed an oklob plant conjurer
  1620 | D        | Killed an oklob plant conjurer
  1621 | D        | Reached skill level 24 in Stealth
  1710 | D        | Noticed an oklob plant
  1710 | D        | Noticed an oklob plant summoner
  1711 | D        | Noticed an oklob plant shifter
  1715 | D        | Killed an oklob plant
  1717 | D        | Killed an oklob plant summoner
  1718 | D        | Reached skill level 1 in Shields
  1718 | D        | Reached XP level 10. HP: 51/51 MP: 8/11
  1720 | D        | Killed an oklob plant shifter
  1938 | D        | Noticed a spriggan rider
  1939 | D        | Found Ilustaa's Assorted Antiques.
  1970 | D        | Reached skill level 25 in Stealth
  2108 | D        | Identified the +9 hand crossbow "Gona" {freeze, rPois Str+5
                  | Int-4 Stlth+}
  2386 | D        | Noticed Agnes
  2407 | D        | Found Jyfosoh's General Store.
  2414 | D        | Bought a scroll labelled TENLIHOLUE for 17 gold pieces
  2414 | D        | Bought a scroll of identify for 34 gold pieces
  2414 | D        | Bought a glimmering troll leather armour for 340 gold
                  | pieces
  2414 | D        | Identified the +4 troll leather armour of Heerum {+Inv rF++
                  | rC- rN+++ Regen+} (You bought it in a shop in the Dungeon)
  2414 | D        | Bought a metallic cyan potion for 15 gold pieces
  2414 | D        | Bought a tapered silver wand for 68 gold pieces
  2547 | D        | Found Bimem's Weapon Emporium.
  2547 | D        | Noticed a spriggan berserker
  2549 | D        | Found Isan's Magic Scroll Shoppe.
  2556 | D        | Killed a spriggan berserker
  2565 | D        | Mangled by Agnes

Illustrated notes

Levels and vault maps discovered:
D:        dungeon_sprint_fedhas [sprint_temple]

Skill      XL: |  1  2  3  4  5  6  7  8  9 10 |
---------------+-------------------------------+-----
Stealth        | 8 10 12 13 15 18 19 22 24 25 | 25.4
Fighting       | 2 3 4 5 |  5.5
Short Blades   | 3 4 5 6 7 8 |  8.2
Throwing       | 3 4 5 6 |  6.4
Dodging        | 2 3 4 5 6 7 |  7.0
Evocations     | 1 2 5 6 9 12 13 | 13.6
Shields        | 1 |  1.9
Armour         | |  0.9

Action                   |  1- 3 |  4- 6 |  7- 9 | 10-12 || total
-------------------------+-------+-------+-------+-------++-------
Melee: Dagger            |    13 |    17 |    48 |    48 ||   126
Throw: Dart              |     3 |       |       |    10 ||    13
       Stone             |       |       |       |     5 ||     5
 Abil: Evoke Invisibilit |       |     3 |     8 |     3 ||    14
  Use: Potion            |     1 |       |       |     1 ||     2
       Scroll            |       |       |     2 |       ||     2
 Stab: Sleeping          |     1 |     6 |    18 |     2 ||    27
       Invisible         |       |     1 |       |       ||     1
       Distracted        |       |       |       |     1 ||     1
Armor: Robe              |       |       |       |     1 ||     1
Dodge: Dodged            |     9 |       |     6 |    35 ||    50
Block: Buckler           |       |       |     1 |     5 ||     6
